 Dungeon Crawl Stone Soup version 0.28-a0-1339-ga5422284a4 (webtiles) character file.

Game seed: 1002543864143434498

13 SensoryNuts the Skirmisher (level 2, 0/24 HPs)
             Began as a Demonspawn Fighter on Dec 28, 2021.
             Slain by a goblin (1 damage)
             ... on level 1 of the Dungeon.
             The game lasted 00:00:27 (385 turns).

SensoryNuts the Skirmisher (Demonspawn Fighter)      Turns: 385, Time: 00:00:28

Health: 0/24       AC:  7    Str: 16    XL:     2   Next: 24%
Magic:  2/2        EV:  9    Int:  9    God:
Gold:   0          SH:  4    Dex: 12    Spells: 1/1 levels left

rFire   . . .      SeeInvis .   a - +0 long sword
rCold   . . .      Faith    .   c - +0 buckler
rNeg    . . .      Spirit   .   b - +0 scale mail
rPois   .          Reflect  .   (no helmet)
rElec   .          Harm     .   (no cloak)
rCorr   .          Rampage  .   (no gloves)
Will    .....                   (no boots)
Stlth   ..........              (no amulet)
HPRegen 0.08/turn               (no ring)
MPRegen 0.08/turn               (no ring)

@: lethally poisoned (0 -> -30)
A: sharp scales 1
a: no special abilities


You were on level 1 of the Dungeon.
You visited 1 branch of the dungeon, and saw 1 of its levels.

Inventory:

Hand Weapons
 a - a +0 long sword (weapon)
Armour
 b - a +0 scale mail (worn)
 c - a +0 buckler (worn)
Scrolls
 e - a scroll of enchant armour {unknown}
Potions
 d - a potion of might


   Skills:
 + Level 3.2 Fighting
 + Level 2.0 Long Blades
 + Level 2.9 Armour
 + Level 2.8 Shields


You had one spell level left.
You didn't know any spells.
Your spell library was empty.

Dungeon Overview and Level Annotations

Branches:
Dungeon (1/15)

Altars:


Innate Abilities, Weirdness & Mutations

You are partially covered in razor-sharp scales. (AC +1, Slay +1)


Message History

You barely miss the kobold. The kobold hits you but does no damage.
The rat closely misses you.
You hit the kobold.
You kill the kobold!
The rat bites you.
Items here: ( )) †.
You hit the rat.
You kill the rat!
The goblin closely misses you.
You hit the goblin.
The goblin is heavily wounded.
You block the goblin's attack.
You barely miss the goblin.
The goblin is heavily wounded.
The goblin hits you but does no damage.
You are poisoned.
You closely miss the goblin.
The goblin is heavily wounded.
You feel sick. The goblin hits you but does no damage.
You are more poisoned.
The goblin hits you but does no damage.
You closely miss the goblin.
The goblin is heavily wounded.
You feel very sick. The goblin hits you but does no damage.
You are lethally poisoned!
You closely miss the goblin.
The goblin is heavily wounded.
You feel very sick. The goblin hits you but does no damage.
You are more poisoned.
You closely miss the goblin.
The goblin is heavily wounded.
* * * LOW HITPOINT WARNING * * *
You feel very sick.
The goblin hits you with a +0 dagger of venom.
* * * LOW HITPOINT WARNING * * *
You are more poisoned.
The goblin hits you with a +0 dagger of venom.
You die...

.#.# # # #.#[ .#) ...
##.# ###.. #... ...
.# #>.# #)#
..8####..# #w#
#).......####g#
#8..........@#
#######.#####........
####.# #.# #.#...###
.)...# #.# #.##.##
###### #.# #.# .#
##########.####... #
................#.
##########........
#########


You could see a dart slug and a goblin.

Vanquished Creatures
  2 ball pythons (D:1)
  An endoplasm (D:1)
  A giant cockroach (D:1)
  3 goblins (D:1)
  A hobgoblin (D:1)
  3 kobolds (D:1)
  A rat (D:1)
12 creatures vanquished.

Notes
Turn   | Place    | Note
-------+----------+-------------------------------------------
     0 | D:1      | SensoryNuts the Demonspawn Fighter began the quest for the
                  | Orb.
     0 | D:1      | Reached XP level 1. HP: 18/18 MP: 1/1
   353 | D:1      | Gained mutation: You are partially covered in razor-sharp
                  | scales. (AC +1, Slay +1) [demonic ancestry]
   353 | D:1      | Reached XP level 2. HP: 23/24 MP: 2/2
   385 | D:1      | HP: 1/24 [goblin (2)]
   385 | D:1      | Slain by a goblin

Illustrated notes

Levels and vault maps discovered:
D:1:      lightli_arrival_lavapool, layout_loops_ring,
          shapermc_ecumenical_altar_petra, st_stairs_5, minmay_domino_4

Skill      XL: |  1 |
---------------+----+-----
Long Blades    | 2 |  2.0
Fighting       | |  3.2
Armour         | |  2.9
Shields        | |  2.8

Action                   || total
-------------------------++-------
Melee: Long sword        ||    45
Armor: Scale mail        ||    25
Dodge: Dodged            ||    19
Block: Buckler           ||     8

Table legend: (Time is in decaauts)
 A = Elapsed time spent in this place.
 B = Non-inter-level travel time spent in this place.
 C = Inter-level travel time spent in this place.
 D = Time resting spent in this place.
 E = Time spent auto-exploring this place.
 F = Levels seen in this place.
 G = Mean time per level.
                   A        B        C        D        E       F      G
               +--------+--------+--------+--------+--------+-----+--------+
         Total |    399 |    399 |      0 |      0 |    300 |   1 |  399.0 |
       Dungeon |    399 |    399 |      0 |      0 |    300 |   1 |  399.0 |
               +--------+--------+--------+--------+--------+-----+--------+

Top non-repeatable levels by time:
     D:1: 399 daAuts
